 Dungeon Crawl Stone Soup version 0.14-a0-2374-ge879b5e (webtiles) character file.

110 MirrMurr the Sneak (level 3, -1/16 HPs)
             Began as a Spriggan Enchanter on Feb 1, 2014.
             Slain by a hobgoblin
             ... wielding a +0,+0 club
              (7 damage)
             ... on Level 2 of the Dungeon.
             The game lasted 00:03:45 (1070 turns).

MirrMurr the Sneak (Spriggan Enchanter)             Turns: 1070, Time: 00:03:45

HP  -1/16        AC  3     Str  5      XL: 3   Next: 37%
MP   3/9         EV 18     Int 16      God:
Gold 67          SH  0     Dex 16      Spells:  3 memorised,  1 level left

rFire  . . .     SeeInvis +     a - +1 dagger
rCold  . . .     Clarity  .     v - +1 robe
rNeg   . . .     Conserve .     (shield restricted)
rPois  .         rCorr    .     (helmet restricted)
rElec  .         rRot     .     (no cloak)
SustAb . .       Spirit   .     (gloves unavailable)
rMut   .         Warding  .     (boots unavailable)
Saprov . . .     Stasis   .     (no amulet)
MR     .....                    (no ring)
                                (no ring)

@: very slightly contaminated, very quick, not resistant to hostile
enchantments, quite stealthy
A: unfitting armour, see invisible, herbivore 3, speed 3, slow metabolism 2
a: no special abilities


You were on level 2 of the Dungeon.
You were not hungry.

You visited 1 branch of the dungeon, and saw 2 of its levels.

You collected 67 gold pieces.

Inventory:

Hand weapons
 a - a +1,+1 dagger (weapon)
 b - a +0,+0 sling
Missiles
 d - 12 darts (quivered)
 n - 98 stones
 r - 19 poisoned needles
 t - 35 sling bullets
Armour
 h - a +0 elven robe
 i - a cursed -2 robe
 v - a +1 robe (worn)
Comestibles
 f - a rambutan
Scrolls
 j - a scroll of amnesia {unknown}
 l - a scroll of identify {unknown}
 p - a scroll of remove curse {unknown}
 q - a scroll of magic mapping {unknown}
 x - a scroll of curse armour {unknown}
 y - a scroll of fog {unknown}
Jewellery
 g - an uncursed amulet of the gourmand {unknown}
Potions
 e - a potion of porridge
 k - a potion of invisibility {unknown}
 m - a potion of lignification {unknown}
 o - a potion of restore abilities {unknown}
 s - a potion of brilliance {unknown}
 u - a potion of agility {unknown}
 z - a potion of curing {unknown}
 A - a potion of confusion {unknown}
Books
 c - a book of Maledictions

   Spells                             Type                      Level
   *Corona                            Hexes                        1
   Sure Blade                         Hexes/Charms                 2
   *Ensorcelled Hibernation           Hexes/Ice                    2
   *Confuse                           Hexes                        3
   Enslavement                        Hexes                        4
   Invisibility                       Hexes                        6
 w - a book of Debilitation

   Spells                             Type                      Level
   *Corona                            Hexes                        1
   Slow                               Hexes                        2
   Inner Flame                        Hexes/Fire                   3
   Enslavement                        Hexes                        4
   Cause Fear                         Hexes                        4
   Leda's Liquefaction                Hexes/Earth                  4


   Skills:
 + Level 1.2 Short Blades
 - Level 1.1 Throwing
 - Level 3.0 Dodging
 + Level 5.9 Stealth
 - Level 2.6 Spellcasting
 - Level 3.6 Hexes


You had one spell level left.
You knew the following spells:

 Your Spells              Type           Power        Failure   Level  Hunger
a - Ensorcelled Hibernat  Hex/Ice        #.....       17%         2    ##.....
b - Confuse               Hex            ##......     14%         3    ###....
Z - Corona                Hex            ##.....      6%          1    #......


Dungeon Overview and Level Annotations

Branches:
Dungeon (2/16)

Altars:
Elyvilon
Zin
The Shining One


Innate Abilities, Weirdness & Mutations

You are tiny and cannot use many weapons and most armour.
You have supernaturally acute eyesight.
You are a herbivore.
You cover ground extremely quickly.
You need consume almost no food.


Message History

Casting: Ensorcelled Hibernation
Confirm with . or Enter, or press ? or * to list all spells.
Aiming: Ensorcelled Hibernation
Press: ? - help, Shift-Dir - straight line, f/p - giant newt
Aim: a giant newt The giant newt looks drowsy...
The helpless giant newt fails to defend itself.
You impale the giant newt!!
You kill the giant newt!
Casting: Ensorcelled Hibernation
Confirm with . or Enter, or press ? or * to list all spells.
Aiming: Ensorcelled Hibernation
Press: ? - help, Shift-Dir - straight line, f - hobgoblin
Aim: a hobgoblin, wielding a club (heavily wounded)
You miscast Ensorcelled Hibernation.
Frost spreads across the the floor.
The hobgoblin misses you.
You hit the hobgoblin but do no damage.
The hobgoblin is heavily wounded.
The hobgoblin hits you with a club!
You die...

##..# ###..## ♣.♣ #...##
♣...♣♣#.########
.?...♣♣........# ######+#
...⌠...♣♣.......# #..=.....
._..._.♣♣.......# #........#
..._.[%♣♣.......####........#
♣.....♣♣........@g##........+
♣♣♣♣♣♣♣.........#%.#..%.....#
.# #..........##.#........#
.# #..........##.'........#
## ###############........#
#######+##


You could see a hobgoblin.

Vanquished Creatures
  2 adders (D:2)
  2 giant geckos
  2 hobgoblins
  3 jackals (D:2)
  2 ball pythons
  3 bats
  3 giant newts
  3 goblins (D:2)
  A kobold (D:2)
  7 rats
28 creatures vanquished.

Notes
Turn   | Place    | Note
--------------------------------------------------------------
     0 | D:1      | MirrMurr, the Spriggan Enchanter, began the quest for the Orb.
     0 | D:1      | Reached XP level 1. HP: 9/9 MP: 4/4
   169 | D:1      | Reached skill level 4 in Stealth
   582 | D:2      | Reached XP level 2. HP: 11/13 MP: 7/7
   595 | D:2      | Learned a level 2 spell: Ensorcelled Hibernation
   637 | D:2      | Found a glowing silver altar of Zin.
   637 | D:2      | Found a white marble altar of Elyvilon.
   637 | D:2      | Found a glowing golden altar of the Shining One.
   772 | D:2      | Reached skill level 5 in Stealth
   839 | D:2      | Reached XP level 3. HP: 16/16 MP: 9/9
   853 | D:2      | Learned a level 3 spell: Confuse
  1070 | D:2      | Slain by a hobgoblin

Action                   || total
-------------------------++-------
Melee: Dagger            ||    83
 Cast: Ensorcelled Hiber ||     1
  Use: Scroll            ||     1
 Stab: Sleeping          ||     7
       Distracted        ||     1
